 Dungeon Crawl Stone Soup version 0.17-a0-1646-geb1493d (webtiles) character file.

170874 mrath the Severer (level 17, -7/152 HPs)
             Began as a Minotaur Fighter on Aug 9, 2015.
             Was a High Priest of Okawaru.
             Drowned by a drowned soul (16 damage)
             ... summoned by a merfolk avatar
             ... on level 4 of the Shoals on Aug 10, 2015.
             The game lasted 07:16:33 (47801 turns).

mrath the Severer (Minotaur Fighter)               Turns: 47801, Time: 07:16:33

Health: -7/152     AC: 25    Str: 39    XL:     17   Next: 13%
Magic:  21/23      EV: 12    Int: 16    God:    Okawaru [*****.]
Gold:   1479       SH: 20    Dex:  7    Spells: 0 memorised, 16 levels left

rFire  + . .     SeeInvis .     z - +11 broad axe of Joyful Slaughter {pain, +Inv rF+ Str+5 Dex-5}
rCold  + + .     Clarity  +     H - +2 plate armour of Xiukh {Str+3 Int+6 Dex+4}
rNeg   . . .     SustAt   .     c - +5 shield
rPois  +         Gourm    .     X - +2 hat
rElec  +         Spirit   .     V - +0 cloak "Tigiuxto" {-Tele MR+ Int+5}
rCorr  .         Warding  .     L - +0 pair of gloves of Courage {+Blink rC+ Stlth+}
rMut   .         NoTele   +     h - +0 pair of boots
MR     +++..                    G - amulet of clarity
Stlth  ..........               C - ring "Zuzexew" {+Fly rC+ MR+}
                                W - ring "Onocvu" {rElec rPois Str+4 Dex-3 Slay+3}

@: flying, very slightly contaminated, invisible, extremely resistant to hostile
enchantments, extremely unstealthy
A: retaliatory headbutt, horns 2
a: Heroism, Finesse, Renounce Religion, Evoke Blink, Turn Visible, Stop Flying
}: 1/15 runes: barnacled


You were on level 4 of the Shoals.
You worshipped Okawaru.
Okawaru was extremely pleased with you.
You were very hungry.

You visited 4 branches of the dungeon, and saw 31 of its levels.

You collected 3161 gold pieces.
You spent 1682 gold pieces at shops.

Inventory:

Hand weapons
 z - the +11 broad axe of Joyful Slaughter (weapon) {pain, +Inv rF+ Str+5 Dex-5}
   (You found it on level 4 of the Shoals)

   In the hands of one skilled in necromantic magic, it inflicts extra damage on
   living creatures.
   It affects your strength (+5).
   It affects your dexterity (-5).
   It protects you from fire.
   It lets you turn invisible.
 E - the +1 broad axe of a labyrinth {venom, rPois rF+}
   (Okawaru gifted it to you on level 1 of the Lair of Beasts)

   It poisons the flesh of those it strikes.
   It protects you from fire.
   It protects you from poison.
 R - the +6 trident "Zajearghiz" {freeze, Str+4}
   (You found it on level 2 of the Lair of Beasts)

   It has been specially enchanted to freeze those struck by it, causing extra
   injury to most foes and up to half again as much damage against particularly
   susceptible opponents.
   It can also slow down cold-blooded creatures.
   It affects your strength (+4).
 U - a +4 blowgun
 Z - the +6 war axe "Murmur" {drain, +Inv}
   (You found it on level 13 of the Dungeon)

   A truly terrible weapon, it drains the life of those it strikes.
   It lets you turn invisible.
Missiles
 i - 63 poisoned needles
 D - 6 javelins of returning
 F - a poisoned tomahawk (quivered)
 I - 7 steel javelins
Armour
 c - a +5 shield (worn)
 h - a +0 pair of boots (worn)
 H - the +2 plate armour of Xiukh (worn) {Str+3 Int+6 Dex+4}
   (Okawaru gifted it to you on level 8 of the Lair of Beasts)

   It affects your strength (+3).
   It affects your intelligence (+6).
   It affects your dexterity (+4).
 L - the +0 pair of gloves of Courage (worn) {+Blink rC+ Stlth+}
   (You bought it in a shop on level 3 of the Orcish Mines)

   It protects you from cold.
   It lets you blink.
   It makes you more stealthy.
 V - the +0 cloak "Tigiuxto" (worn) {-Tele MR+ Int+5}
   (You bought it in a shop on level 3 of the Orcish Mines)

   It affects your intelligence (+5).
   It affects your resistance to hostile enchantments.
   It prevents most forms of teleportation.
 X - a +2 hat (worn)
Jewellery
 b - an uncursed amulet of warding
 q - a +3 ring of protection
 s - an uncursed ring of positive energy
 C - the ring "Zuzexew" (right hand) {+Fly rC+ MR+}
   (You found it on level 4 of the Shoals)

   [ring of flight]

   It protects you from cold.
   It affects your resistance to hostile enchantments.
   It lets you fly.
 G - an amulet of clarity (around neck)
 Q - the ring of the Mage {Wiz MR++ Int+3}
   (You found it on level 5 of the Lair of Beasts)

   [ring of wizardry]

   It improves your spell success rate.
   It affects your intelligence (+3).
   It affects your resistance to hostile enchantments.
 W - the ring "Onocvu" (left hand) {rElec rPois Str+4 Dex-3 Slay+3}
   (You bought it in a shop on level 1 of the Orcish Mines)

   [ring of poison resistance]

   It affects your strength (+4).
   It affects your dexterity (-3).
   It affects your accuracy and damage with ranged weapons and melee attacks
   (+3).
   It insulates you from electricity.
   It protects you from poison.
Magical devices
 y - a wand of lightning (5)
 K - a wand of fire (8)
Scrolls
 f - 2 scrolls of blinking
 l - 8 scrolls of teleportation
 m - 4 scrolls of magic mapping
 o - 2 scrolls of remove curse
 u - 2 scrolls of summoning
 x - 3 scrolls of fog
 B - a scroll of identify
 J - 3 scrolls of fear
 T - a scroll of recharging
Potions
 a - a potion of might
 e - 2 potions of lignification
 g - 2 potions of flight
 j - a potion of agility
 n - 9 potions of heal wounds
 p - 12 potions of curing
 w - a potion of cure mutation
 M - a potion of invisibility
 N - 2 potions of resistance
Miscellaneous
 k - a phantom mirror
 r - a sack of spiders {used: 1}
 A - a legendary deck of changes
Comestibles
 d - a slice of pizza
 t - 11 chunks of flesh
 v - 4 meat rations
 P - 25 fruits


   Skills:
 + Level 14.0 Fighting
 + Level 16.3 Axes
 + Level 7.4 Throwing
 + Level 14.2 Armour
 + Level 13.0 Dodging
 + Level 14.3 Shields
 - Level 9.4 Invocations
 + Level 9.6 Evocations


You had 16 spell levels left.
You didn't know any spells.

Dungeon Overview and Level Annotations

Branches:
Dungeon (15/15)            Temple (0/1) D:7            Lair (8/8) D:8
 Shoals (4/4) Lair:6        Snake (0/4) Lair:3        Slime (0/6) Lair:6
    Orc (4/4) D:9             Elf (0/3) Orc:3        Vaults (0/5) D:13
 Depths (0/5) D:15

Altars:
Dithmenos
Fedhas
Gozag
Kikubaaqudgha
Nemelex Xobeh
Okawaru
Ru
Sif Muna
Trog
Yredelemnul
Zin
The Shining One

Shops:
D:12 (   Orc:1 =   Orc:3 [   Orc:4 [[(*}

Annotations:
Lair:7 exclusion: 3 oklob plants


Innate Abilities, Weirdness & Mutations

You reflexively headbutt those who attack you in melee.
You have a pair of horns on your head.


Message History

Use which ability? (? or * to list)
Okay, then.
Use which ability? (? or * to list)
You fade into invisibility!
You are very lightly contaminated with residual magic.
You are feeling very hungry.
The merfolk avatar chants a haunting song.
You are unaffected.
Use which ability? (? or * to list)
You feel very buoyant.
You fly up into the air.
You feel somewhat more hungry.
The merfolk avatar chants a haunting song.
You are unaffected.
The drowned soul touches you. The drowned soul drowns you!
* * * LOW HITPOINT WARNING * * *
You feel like a meek peon again. The drowned soul touches you.
The drowned soul drowns you!
* * * LOW HITPOINT WARNING * * *
The drowned soul touches you. The drowned soul drowns you!
You die...

≈≈≈≈≈≈≈≈≈≈≈........)≈≈≈..
≈≈≈≈≈≈≈≈..≈........(.≈≈..
≈≈≈≈≈≈≈...≈≈≈<...(...≈≈..
≈≈≈≈≈≈..##.≈≈..÷.(.((≈≈.)
≈≈≈≈≈≈≈.#..≈≈≈≈.....≈≈≈).
≈≈#######..≈≈≈≈≈..≈≈≈≈≈..
≈##≈≈≈≈≈##≈≈≈≈≈≈≈≈≈≈≈≈≈≈#
#≈#≈≈≈k≈##≈≈≈≈≈≈≈≈≈≈≈≈≈#
≈#.≈≈m(@≈#≈≈≈≈≈≈≈≈≈≈≈≈≈# ≈≈≈≈≈
#≈≈≈≈≈≈#≈≈#≈≈≈≈≈≈≈≈≈≈≈≈≈# ≈≈≈≈≈
#≈≈≈≈##≈(≈#≈≈≈≈≈≈≈≈≈≈≈≈≈#
≈≈≈≈≈≈#≈≈≈≈#≈)≈(#≈≈≈≈≈≈≈≈≈≈≈≈≈#
≈≈≈≈≈≈#≈≈≈#≈≈≈#(#≈≈≈≈≈≈≈≈≈≈
≈≈≈≈≈≈##≈≈≈≈≈#≈#(≈..≈≈≈≈≈≈
≈≈≈≈P≈P##≈....#((≈....≈≈≈
≈≈≈≈...P######.(((..≈≈≈≈≈
≈≈≈........†()((≈≈≈m≈≈k≈≈


You could see a merfolk avatar and a wind drake.

Vanquished Creatures
  A kraken (Shoals:2)
  Polyphemus (Shoals:2)
  Gastronok (D:9)
  Frances (D:13)
  Kirke (Lair:6)
  Roxanne (Shoals:1)
  Ilsuiw (Shoals:3)
  Donald (Shoals:2)
  A frost giant (D:14)
  Aizul (Shoals:2)
  Nessos (D:13)
  Snorg (Orc:1)
  A merfolk javelineer (Shoals:4)
  An ettin (Orc:3)
  4 merfolk impalers
  A yaktaur captain (D:14)
  8 hydras
  Erolcha (Orc:2)
  Erica (D:9)
  2 alligator snapping turtles
  2 dancing weapons (D:13)
  A deep troll shaman (Lair:8)
  19 death yaks
  2 merfolk aquamancers (Shoals:4)
  3 catoblepae
  A queen ant (Lair:6)
  3 centaur warriors
  4 ogre magi
  Urug (Lair:4)
  Sonja (Orc:3)
  The ghost of Chiseanne the Shield-Bearer, an experienced DsFi (D:9)
  5 sea snakes
  3 wizards (D:15)
  An unseen horror (D:15)
  3 skeletal warriors (D:14)
  2 deep trolls (Orc:4)
  11 harpies
  9 hill giants
  A flayed ghost (D:14)
  A faun (Shoals:1)
  7 manticores
  7 ugly things
  A lindwurm (Lair:8)
  An orc sorcerer (D:15)
  5 griffons
  5 water nymphs
  Maurice (D:8)
  4 black mambas
  8 cyclopes
  Joseph (D:9)
  20 elephants
  7 sirens
  2 torpor snails (Lair:8)
  2 gargoyles
  A kobold demonologist (D:11)
  4 fire drakes
  15 spiny frogs
  9 komodo dragons
  A yaktaur (D:15)
  An efreet (D:13)
  A freezing wraith (D:14)
  4 polar bears
  12 trolls
  12 merfolk
  2 wind drakes
  Grinder (D:4)
  12 two-headed ogres
  9 snapping turtles
  24 blink frogs
  A spriggan (Lair:4)
  A boulder beetle (Lair:7)
  A trapdoor spider (D:15)
  Sigmund (D:2)
  5 wyverns
  A wraith (D:14)
  A vampire (D:14)
  A hog (shapeshifter) (D:14)
  4 mottled dragons
  6 water elementals
  5 hogs (Lair:6)
  A hungry ghost (D:9)
  32 wolves
  A warg (Orc:1)
  17 hippogriffs
  4 basilisks
  8 vampire mosquitoes
  A steam dragon (Lair:3)
  49 yaks
  6 soldier ants
  15 porcupines
  5 sky beasts
  18 water moccasins
  3 black bears
  An eye of draining (D:14)
  16 orc warriors
  3 ice beasts
  6 centaurs
  35 ogres
  17 crocodiles
  3 wyvern zombies
  Blork the orc (D:4)
  26 giant frogs
  5 scorpions
  9 killer bees
  12 wights
  An electric eel (Lair:6)
  8 crimson imps
  2 giant frog zombies
  2 centaur zombies
  6 hounds
  4 centaur skeletons
  28 orc priests
  2 jellies
  A quasit (D:6)
  A giant frog skeleton (D:11)
  9 iguanas
  Terence (D:3)
  32 orc wizards
  51 sheep
  A killer bee zombie (D:8)
  27 worker ants
  A hound skeleton (D:8)
  A worker ant zombie (D:10)
  17 adders
  2 gnolls
  4 shadow imps
  55 river rats
  An adder zombie (D:8)
  An ooze (D:6)
  3 adder skeletons
  A worm (D:2)
  7 giant geckos
  223 orcs
  A ball python (D:1)
  16 bats
  9 giant cockroaches
  2 gnoll zombies (D:3)
  6 goblins
  5 hobgoblins
  12 jackals
  9 kobolds
  4 quokkas
  10 giant newts
  9 rats
  3 bushes
  A butterfly (Lair:2)
  27 fungi
  15 plants
  5 tentacles (Shoals:2)
1231 creatures vanquished.

Vanquished Creatures (others)
  2 humans (Lair:6)
  2 worker ants
  40 fungi
  34 plants
  8 tentacles (Shoals:2)
  659 tentacle segments (Shoals:2)
745 creatures vanquished.

Grand Total: 1976 creatures vanquished

Notes
Turn   | Place    | Note
--------------------------------------------------------------
     0 | D:1      | mrath the Minotaur Fighter began the quest for the Orb.
     0 | D:1      | Reached XP level 1. HP: 19/19 MP: 0/0
   242 | D:1      | Reached XP level 2. HP: 17/26 MP: 1/1
   513 | D:1      | Reached skill level 4 in Axes
   762 | D:1      | Reached XP level 3. HP: 31/31 MP: 2/2
  1606 | D:2      | Reached skill level 5 in Axes
  1784 | D:2      | Reached XP level 4. HP: 37/39 MP: 3/3
  2181 | D:2      | Noticed Sigmund
  2186 | D:2      | Killed Sigmund
  2186 | D:2      | Reached skill level 7 in Axes
  2186 | D:2      | Reached XP level 5. HP: 45/45 MP: 4/4
  2489 | D:3      | Noticed Terence
  2509 | D:3      | Killed Terence
  2509 | D:3      | Reached XP level 6. HP: 27/51 MP: 5/5
  2849 | D:3      | Reached skill level 8 in Axes
  3116 | D:3      | Found a glowing silver altar of Zin.
  3116 | D:3      | Noticed an angel
  3291 | D:3      | Found a basalt altar of Yredelemnul.
  3434 | D:3      | Found an iron altar of Okawaru.
  3440 | D:3      | Became a worshipper of Warmaster Okawaru
  3617 | D:3      | Found a shadowy altar of Dithmenos.
  3751 | D:4      | Reached skill level 9 in Axes
  3849 | D:4      | Reached XP level 7. HP: 57/57 MP: 6/6
  4025 | D:4      | Noticed Blork the orc
  4032 | D:4      | Killed Blork the orc
  4222 | D:4      | Reached skill level 1 in Dodging
  4280 | D:4      | Reached skill level 1 in Invocations
  4596 | D:4      | Acquired Okawaru's first power
  5102 | D:4      | Noticed Grinder
  5102 | D:4      | Paralysed by Grinder for 2 turns
  5110 | D:4      | Paralysed by Grinder for 3 turns
  5140 | D:4      | Killed Grinder
  5140 | D:4      | Reached XP level 8. HP: 40/67 MP: 8/8
  5315 | D:5      | Entered Level 5 of the Dungeon
  5502 | D:5      | Found an opulent altar of Gozag.
  5535 | D:5      | Reached skill level 5 in Fighting
  5535 | D:5      | Reached skill level 10 in Axes
  6204 | D:5      | Reached skill level 5 in Armour
  6204 | D:5      | Reached skill level 5 in Shields
  6737 | D:6      | Found a deep blue altar of Sif Muna.
  6823 | D:6      | Reached XP level 9. HP: 65/75 MP: 10/10
  6881 | D:6      | Found a bloodstained altar of Trog.
  6881 | D:6      | Found an iron altar of Okawaru.
  7176 | D:6      | Found a sacrificial altar of Ru.
  7827 | D:7      | Found a staircase to the Ecumenical Temple.
  8153 | D:7      | Found a glowing golden altar of the Shining One.
  8891 | D:8      | Reached skill level 11 in Axes
  9144 | D:8      | Noticed a cyclops
  9150 | D:8      | Killed a cyclops
  9150 | D:8      | Reached skill level 5 in Dodging
  9296 | D:8      | Reached skill level 5 in Invocations
  9869 | D:8      | Reached XP level 10. HP: 86/86 MP: 12/12
  9930 | D:8      | Noticed a fire drake
  9946 | D:8      | Killed a fire drake
 10098 | D:8      | Found a staircase to the Lair.
 10143 | D:8      | Noticed Maurice
 10419 | D:8      | Killed Maurice
 10798 | D:8      | Upgraded the game from 0.17-a0-1642-gd4b747b to 0.17-a0-1646-geb1493d
 10802 | Lair:1   | Entered Level 1 of the Lair of Beasts
 10811 | Lair:1   | Noticed a black mamba
 10819 | Lair:1   | Killed a black mamba
 10863 | Lair:1   | Acquired Okawaru's second power
 11347 | Lair:1   | Reached skill level 1 in Evocations
 11566 | Lair:1   | Received a gift from Okawaru
 11567 | Lair:1   | Got a warped broad axe {god gift}
 11634 | Lair:1   | Identified the +1 broad axe of a labyrinth {venom, rPois rF+} (Okawaru gifted it to you on level 1 of the Lair of Beasts)
 11884 | Lair:1   | Reached XP level 11. HP: 87/94 MP: 14/14
 12492 | Lair:1   | Reached skill level 12 in Axes
 12831 | Lair:2   | Got a jewelled trident
 14262 | Lair:2   | Identified the +6 trident "Zajearghiz" {freeze, Str+4} (You found it on level 2 of the Lair of Beasts)
 14313 | Lair:2   | Received a gift from Okawaru
 14860 | Lair:3   | Found a staircase to the Snake Pit.
 14961 | Lair:3   | Noticed a six-headed hydra
 14985 | Lair:3   | Killed a six-headed hydra
 15122 | Lair:3   | Got an iridescent spear
 15962 | Lair:3   | Identified the +3 spear of Teyxil {pierce, +Rage} (You found it on level 3 of the Lair of Beasts)
 16079 | Lair:3   | Received a gift from Okawaru
 16189 | Lair:3   | Reached XP level 12. HP: 63/104 MP: 16/16
 16601 | Lair:4   | Noticed Urug
 16609 | Lair:4   | Noticed an eight-headed hydra
 16620 | Lair:4   | Killed Urug
 16623 | Lair:4   | Killed an eight-headed hydra
 17070 | Lair:4   | Noticed a six-headed hydra
 17084 | Lair:4   | Killed a six-headed hydra
 17084 | Lair:4   | Reached skill level 13 in Axes
 17724 | Lair:5   | Received a gift from Okawaru
 17725 | Lair:5   | Got a fine longbow {god gift}
 17860 | Lair:5   | Reached skill level 5 in Evocations
 17992 | Lair:5   | Got a fine glaive
 18129 | Lair:5   | Reached skill level 10 in Fighting
 18629 | Lair:5   | Reached skill level 10 in Armour
 18785 | Lair:5   | Noticed a five-headed hydra
 18796 | Lair:5   | Killed a five-headed hydra
 18796 | Lair:5   | Reached skill level 10 in Shields
 19507 | Lair:6   | Noticed an eight-headed hydra
 19524 | Lair:6   | Killed an eight-headed hydra
 19846 | Lair:6   | Found a staircase to the Slime Pits.
 20431 | Lair:6   | Found a staircase to the Shoals.
 20445 | Lair:6   | Reached XP level 13. HP: 106/114 MP: 18/18
 20786 | Lair:6   | Received a gift from Okawaru
 20844 | Lair:6   | Noticed Kirke
 20890 | Lair:6   | Killed Kirke
 22245 | Lair:7   | Received a gift from Okawaru
 23780 | Lair:8   | Entered Level 8 of the Lair of Beasts
 23802 | Lair:7   | Reached skill level 10 in Dodging
 24090 | Lair:8   | Got a polished arbalest
 24291 | Lair:8   | Reached skill level 14 in Axes
 24549 | Lair:8   | Received a gift from Okawaru
 25120 | Lair:8   | Reached XP level 14. HP: 110/124 MP: 20/20
 25335 | Lair:7   | Reached skill level 1 in Throwing
 25663 | Lair:8   | Found a sparkling altar of Nemelex Xobeh.
 26580 | Lair:7   | Received a gift from Okawaru
 27275 | Lair:8   | Received a gift from Okawaru
 27294 | Lair:8   | Got a transparent plate armour {god gift}
 27593 | Lair:7   | Identified the +2 plate armour of Xiukh {Str+3 Int+6 Dex+4} (Okawaru gifted it to you on level 8 of the Lair of Beasts)
 28281 | Lair:8   | Got a pitted greatsling
 28593 | Lair:2   | Identified the cursed +2 greatsling "Lefum" {speed, rPois} (You found it on level 8 of the Lair of Beasts)
 28725 | D:9      | Noticed Chiseanne's ghost (experienced DsFi)
 28763 | D:9      | Killed Chiseanne's ghost
 29009 | D:9      | Found a staircase to the Orcish Mines.
 29234 | D:9      | Found a blossoming altar of Fedhas.
 29234 | D:9      | Found an ancient bone altar of Kikubaaqudgha.
 29253 | D:9      | Noticed Joseph
 29262 | D:9      | Killed Joseph
 30046 | D:9      | Noticed Gastronok
 30077 | D:9      | Killed Gastronok
 30737 | Orc:1    | Entered Level 1 of the Orcish Mines
 30741 | Orc:1    | Found Aruoharr's Jewellery Boutique.
 30765 | Orc:1    | Noticed Erica
 30772 | Orc:1    | Noticed Snorg
 30806 | D:9      | Killed Erica
 31124 | Orc:1    | Killed Snorg
 31206 | Orc:1    | Found a bloodstained altar of Trog.
 31555 | Orc:2    | Noticed Erolcha
 31837 | Orc:2    | Killed Erolcha
 32633 | Orc:3    | Found Zylaqy's Antique Armour Boutique.
 32797 | Orc:3    | Noticed Sonja
 32825 | Orc:3    | Killed Sonja
 33380 | Orc:3    | Found a staircase to the Elven Halls.
 33477 | Orc:4    | Entered Level 4 of the Orcish Mines
 33477 | Orc:4    | Found Vinnac's Antique Weapon Boutique.
 33477 | Orc:4    | Found Somota's Gadget Shoppe.
 33477 | Orc:4    | Found Oghivef's General Store.
 33547 | Orc:3    | Reached XP level 15. HP: 129/133 MP: 21/21
 33981 | Orc:4    | Received a gift from Okawaru
 34534 | Orc:4    | Found Neemp's Armour Emporium.
 34607 | Orc:4    | Found Umene Uhi's Armour Shoppe.
 34890 | Orc:4    | Bought the cursed +0 robe of the Stallion {-Cast +Fly Str+2 Int+2} for 147 gold pieces
 34996 | Orc:3    | Bought a pair of smoking gloves for 237 gold pieces
 34996 | Orc:3    | Bought a warped cloak for 237 gold pieces
 34996 | Orc:3    | Bought a dazzling cloak for 237 gold pieces
 35006 | Orc:3    | Identified the cursed +0 pair of gloves of Courage {+Blink rC+ Stlth+} (You bought it in a shop on level 3 of the Orcish Mines)
 35011 | Orc:3    | Identified the +1 cloak "Woedoeza" {-Cast rF- Str+10 Slay+3} (You bought it in a shop on level 3 of the Orcish Mines)
 35022 | Orc:3    | Identified the cursed +0 cloak "Tigiuxto" {-Tele MR+ Int+5} (You bought it in a shop on level 3 of the Orcish Mines)
 35052 | Orc:1    | Bought the ring "Onocvu" {rElec rPois Str+4 Dex-3 Slay+3} for 584 gold pieces
 35060 | Orc:1    | Bought an uncursed amulet of clarity for 240 gold pieces
 35306 | D:10     | Entered Level 10 of the Dungeon
 35883 | D:10     | Reached skill level 15 in Axes
 36339 | D:11     | Received a gift from Okawaru
 36644 | D:11     | Reached skill level 5 in Throwing
 37449 | D:12     | Found Lahirhy's Weapon Boutique.
 38237 | D:13     | Received a gift from Okawaru
 38608 | D:13     | Got an ichor-stained war axe
 38609 | D:13     | Identified the +6 war axe "Murmur" {drain, +Inv} (You found it on level 13 of the Dungeon)
 38771 | D:13     | Found a gate to the Vaults.
 38912 | D:13     | Noticed Nessos
 38926 | D:13     | Killed Nessos
 38990 | D:13     | Noticed Frances
 39001 | D:13     | Killed Frances
 39001 | D:13     | Received a gift from Okawaru
 39874 | D:14     | Found a shadowy altar of Dithmenos.
 40320 | D:14     | Received a gift from Okawaru
 41124 | D:15     | Entered Level 15 of the Dungeon
 41128 | D:15     | Reached XP level 16. HP: 124/143 MP: 22/22
 42192 | D:15     | Got a transparent dagger
 42565 | D:15     | Found a staircase to the Depths.
 43253 | Lair:2   | Identified the +7 dagger "mrath's Foe" {speed, Dex+3} (You found it on level 15 of the Dungeon)
 43486 | Shoals:1 | Entered Level 1 of the Shoals
 43535 | Shoals:1 | Noticed Roxanne
 43672 | Shoals:1 | Killed Roxanne
 44695 | Shoals:2 | Noticed Polyphemus
 44728 | Shoals:2 | Killed Polyphemus
 45047 | Shoals:2 | Noticed Aizul
 45068 | Shoals:2 | Killed Aizul
 45068 | Shoals:2 | Reached skill level 16 in Axes
 45222 | Shoals:2 | Noticed Donald
 45243 | Shoals:2 | Killed Donald
 45243 | Shoals:2 | Received a gift from Okawaru
 46915 | Shoals:3 | Noticed Ilsuiw
 47373 | Shoals:3 | Killed Ilsuiw
 47465 | Shoals:4 | Entered Level 4 of the Shoals
 47509 | Shoals:4 | Got a pitted broad axe
 47542 | Shoals:4 | Identified the +11 broad axe of Joyful Slaughter {pain, +Inv rF+ Str+5 Dex-5} (You found it on level 4 of the Shoals)
 47589 | Shoals:4 | Got a slimy tin ring
 47592 | Shoals:4 | Identified the ring "Zuzexew" {+Fly rC+ MR+} (You found it on level 4 of the Shoals)
 47702 | Shoals:4 | Reached XP level 17. HP: 134/151 MP: 15/23
 47778 | Shoals:4 | Got a barnacled rune of Zot
 47787 | Shoals:4 | Received a gift from Okawaru
 47801 | Shoals:4 | Drowned by a drowned soul

Vault maps used:
D:1:      dpeg_arrival_simpleton_a, minivault_23, minmay_misc_feat_roman
D:2:      first_bread, item_on_display_a, uniq_sigmund
D:3:      lemuel_zombie_altar_yredelemnul, lemuel_doored_altar, zin_angel,
          okawaru_gym_becter, uniq_terence
D:4:      minmay_lizard_king, uniq_blork_the_orc, uniq_grinder
D:5:      grunt_gozag_statues
D:6:      grunt_temple_overflow_bloody_war, lemuel_coloured_pillars_altar,
          nicolae_overflow_crystal_walls
D:7:      nicolae_tso_swordbearing_angel, minmay_temple_entry_hall
D:8:      wad_cavern_with_rooms, minmay_lair_entry_lava, uniq_maurice
D:9:      grunt_temple_overflow_growth_and_decay, hiddenorc2_lemuel,
          grunt_ogre_cave, uniq_joseph, uniq_gastronok
D:12:     serial_shops, nicolae_shop_crystal
D:13:     erik_vaults_1, kennysheep_generic_room_12, uniq_nessos, uniq_frances
D:14:     nicolae_dithmenos_through_a_glass_darkly, hangedman_corner_corridor
D:15:     grunt_enter_depths_magical_seal, serial_co_window_serial,
          co_window_paths_b, co_window_corner_a, co_window_paths_a,
          co_window_of_opportunity_a, co_window_corner_a, co_window_broadway_b,
          co_window_paths_c, co_window_corner_cb, co_window_2corner,
          co_window_broadway_c, glass_columns_a
Lair:1:   beast_lair_carwin_9, grunt_megastairs_4, lemuel_fruit_fields
Lair:2:   nicolae_quartered_pool_super, roderic_batcave, columned_hall_lemuel,
          serial_bayou_pond_d, beast_lair_carwin_2, lemuel_fruit_fields
Lair:3:   dummy_snake_entry, serial_bayou_crossing
Lair:4:   grunt_forest_large_clearing_hut, grunt_megastairs_2, uniq_urug
Lair:6:   minmay_shoals_entry_hut, slime_dummy, zaba_antful_of_joy, uniq_kirke
Lair:7:   dpeg_oklob_gauntlet
Lair:8:   grunt_lair_end_beastmaster, basic_altar, lemuel_fruit_fields
Shoals:1: uniq_roxanne
Shoals:2: uniq_polyphemus, uniq_aizul, uniq_donald
Shoals:3: uniq_ilsuiw
Shoals:4: shoals_end_hangedman, shoals_ilsuiw_alternative
Orc:1:    serial_shops, shop, bloody_trog, uniq_snorg, uniq_erica
Orc:2:    uniq_erolcha
Orc:3:    serial_shops, nicolae_shop_stone, nicolae_orc_pool_cavern, uniq_sonja
Orc:4:    st_orc_open, serial_shops, shop

Action                   |  1- 3 |  4- 6 |  7- 9 | 10-12 | 13-15 | 16-18 || total
-------------------------+-------+-------+-------+-------+-------+-------++-------
Melee: War axe           |    88 |   126 |   336 |   115 |   210 |   478 ||  1353
       Broad axe         |       |       |       |   486 |  1263 |    76 ||  1825
       Trident           |       |       |       |    67 |     9 |     7 ||    83
       Spear             |       |       |       |     7 |       |       ||     7
       Blowgun           |       |       |       |       |       |    20 ||    20
 Fire: Blowgun           |       |    22 |    39 |   154 |   254 |    11 ||   480
Throw: Stone             |     5 |       |       |       |       |       ||     5
       Tomahawk          |       |       |     8 |     6 |    85 |    16 ||   115
       Javelin           |       |       |       |     3 |    39 |    20 ||    62
Invok: Heroism           |       |       |     2 |     7 |    10 |     7 ||    26
       Finesse           |       |       |       |     4 |     8 |     3 ||    15
 Abil: Evoke Flight      |       |       |       |       |       |     2 ||     2
       Evoke Invisibilit |       |       |       |       |       |     1 ||     1
Evoke: Sack of spiders   |       |       |       |       |     1 |       ||     1
  Use: Potion            |       |     1 |       |     3 |     5 |     3 ||    12
       Scroll            |       |     3 |    10 |     8 |    19 |     6 ||    46
 Stab: Distracted        |       |       |       |       |     2 |       ||     2
       Petrifying        |       |       |       |       |     1 |       ||     1
  Eat: Chunk             |     3 |     2 |     4 |    17 |    49 |     7 ||    82
       Bread ration      |       |     1 |     4 |     1 |     1 |       ||     7
       Beef jerky        |       |       |     1 |     1 |     3 |     1 ||     6
       Royal jelly       |       |       |       |     2 |       |       ||     2
       Fruit             |       |       |       |     4 |     3 |     3 ||    10
       Pizza             |       |       |       |       |     2 |     1 ||     3
       Meat ration       |       |       |       |       |     1 |     2 ||     3
